 Dungeon Crawl Stone Soup version 0.28.0-53-g5a82cb258f (console) character file.

Game seed: 4206728464451883881

77 erker the Sneak (level 4, 0/27 HPs)
             Began as an Octopode Earth Elementalist on July 11, 2022.
             Succumbed to a scorpion's poison
             ... on level 5 of the Dungeon.
             The game lasted 00:10:16 (2311 turns).

erker the Sneak (Octopode Earth Elementalist)       Turns: 2311, Time: 00:10:16

Health: 0/27       AC:  1    Str:  7    XL:     4   Next: 34%
Magic:  1/7        EV: 13    Int: 19    God:
Gold:   65         SH:  0    Dex: 12    Spells: 4/7 levels left

rFire   + . .      SeeInvis .   a - +0 dagger
rCold   + . .      Faith    .   (no shield)
rNeg    . . .      Spirit   .   (helmet restricted)
rPois   +          Reflect  .   (no amulet)
rElec   +          Harm     .   (no ring)
rCorr   +          Rampage  .   (no ring)
Will    .....                   (no ring)
Stlth   +++.......              (no ring)
HPRegen 0.09/turn               (no ring)
MPRegen 0.10/turn               (no ring)
                                (no ring)
                                (no ring)

@: lethally poisoned (0 -> -6), resistant, very slightly contaminated
A: almost no armour, amphibious, 8 rings, camouflage 1, gelatinous body 1,
(nimble swimmer 1), tentacles
a: no special abilities


You were on level 5 of the Dungeon.
You visited 2 branches of the dungeon, and saw 6 of its levels.

You collected 65 gold pieces.

Inventory:

Hand Weapons
 a - a +0 dagger (weapon)
Missiles
 b - 95 stones (quivered)
 e - 4 datura-tipped darts
Scrolls
 c - 2 scrolls of identify {unknown}


   Skills:
 - Level 2.0 Short Blades
 - Level 2.0 Dodging
 - Level 4.0 Stealth
 - Level 2.0 Spellcasting
 + Level 1.0 Transmutations
 - Level 4.0 Earth Magic


You had 4 spell levels left.
You knew the following spells:

 Your Spells              Type           Power      Damage    Failure   Level
a - Sandblast             Erth           34%        2d9       3%          1
w - Passwall              Tmut/Erth      9%         N/A       9%          2

Your spell library contained the following spells:

 Spells                   Type           Power      Damage    Failure   Level
 Stone Arrow              Conj/Erth      18%        3d8       22%         3
 Petrify                  Tmut/Erth      11%        N/A       52%         4


Dungeon Overview and Level Annotations

Branches:
Dungeon (5/15)             Temple (1/1) D:4

Altars:
Cheibriados
Gozag
Hepliaklqana
Makhleb
Nemelex Xobeh
Okawaru
Qazlal
Ru
Trog
Uskayaw
Vehumet
Xom
Zin
The Shining One

Annotations:
D:5 exclusion: scorpion


Innate Abilities, Weirdness & Mutations

You cannot wear most types of armour.
You are amphibious.
You can wear up to eight rings at the same time.
Your skin changes colour to match your surroundings (Stealth+).
Your rubbery body absorbs attacks. (AC +1, EV +1)
((You are camouflaged when in or above water. (Stealth+)))
You have tentacles for arms and can constrict up to eight enemies at once.


Message History

Aiming: Passwall (safe; 9% risk of failure)
Press: ? - help, Dir - move target A rock wall.
You miscast Passwall.
You are very lightly contaminated with residual magic.
Nothing appears to happen.
The scorpion stings you.
You are poisoned.
The scorpion poisons you!
Unknown command.
Casting: Passwall (safe; 9% risk of failure)
Confirm with . or Enter, or press ? or * to list all spells.
Aiming: Passwall (safe; 9% risk of failure)
Press: ? - help, Dir - move target A rock wall.
You feel sick. The scorpion barely misses you.
You begin to meditate on the wall.
You continue meditating on the rock.
You feel sick. The scorpion stings you.
You are lethally poisoned!
The scorpion poisons you!
You continue meditating on the rock.
You feel very sick. The scorpion closely misses you.
You finish merging with the rock.
Casting: Passwall (safe; 9% risk of failure)
Confirm with . or Enter, or press ? or * to list all spells.
Aiming: Passwall (safe; 9% risk of failure)
Press: ? - help, Dir - move target A rock wall.
* * * LOW HITPOINT WARNING * * *
You feel very sick.
You begin to meditate on the wall.
You continue meditating on the rock.
* * * LOW HITPOINT WARNING * * *
You feel very sick.
You continue meditating on the rock.
* * * LOW HITPOINT WARNING * * *
You feel sick.
You finish merging with the rock.
It was a potion of resistance.
You feel protected.
You die...

#......## #####....#
#......# #...?..# #
.#......#####.....<#....
.......................# .
#.#.####.###...s..........
. #. #.# #.#####.......# #
#.# #.s......#....#
#.##########.....## # #
#......@.# .###... .##
##.##.......# .# ... ..+
+.+...........# s
#.#.##.##.......# .
#.#.##.#........#
#.#.#.#.####.######
.#.#.#.###..#
##..#..##....#####
.##.#.##...........


There were no monsters in sight!

Vanquished Creatures
  2 adders
  2 worms (D:1)
  4 dart slugs
  4 ball pythons
  5 endoplasms
  3 giant cockroaches
  5 goblins
  3 hobgoblins
  2 quokkas
  5 bats
  5 frilled lizards
  5 kobolds
45 creatures vanquished.

Notes
Turn   | Place    | Note
-------+----------+-------------------------------------------
     0 | D:1      | erker the Octopode Earth Elementalist began the quest for
                  | the Orb.
     0 | D:1      | Reached XP level 1. HP: 11/11 MP: 3/3
   124 | D:1      | Reached XP level 2. HP: 5/17 MP: 0/5
   555 | D:1      | Reached skill level 1 in Short Blades
   828 | D:1      | Learned a level 2 spell: Passwall
   926 | D:1      | Reached XP level 3. HP: 21/21 MP: 6/6
  1944 | D:2      | Reached XP level 4. HP: 25/27 MP: 5/7
  1965 | D:2      | You fall into a shaft and drop 2 floors!
  2034 | D:4      | Found a staircase to the Ecumenical Temple.
  2087 | D:5      | Entered Level 5 of the Dungeon
  2098 | D:5      | Noticed a scorpion
  2138 | D:5      | Noticed a scorpion
  2223 | Temple   | Entered the Ecumenical Temple
  2310 | D:5      | HP: 1/27 [poisoned by a scorpion]
  2311 | D:5      | Succumbed to a scorpion's poison

Illustrated notes

Levels and vault maps discovered:
D:1:      dpeg_arrival_oval, layout_basic, st_stairs_8,
          minmay_misc_feat_diagonals, nicolae_wormholes
D:2:      layout_basic, minmay_pentomino_u4
D:3:      layout_loops_cross, minitemple,
          dreamdust_ecumenical_altar_sealed_demon
D:4:      layout_cave_pods, minmay_temple_entry_from_below_b,
          hangedman_abyss_or_decor_stabs, uniq_sigmund
D:5:      kennysheep_six_static_rooms, layout_basic, interstate_on_off,
          uniq_eustachio
Temple:   eino_temple_lava

Skill      XL: |  1  2  3  4 |
---------------+-------------+-----
Stealth        | 3 4 |  4.0
Short Blades   | 1 2 |  2.0
Earth Magic    | 4 |  4.0
Dodging        | |  2.0
Spellcasting   | |  2.0
Transmutations | |  1.0

Action                   |  1- 3 |  4- 6 || total
-------------------------+-------+-------++-------
Melee: Dagger            |    59 |     3 ||    62
       Constrict         |    16 |     1 ||    17
       Tentacles         |    15 |     2 ||    17
       Punch             |     1 |       ||     1
Throw: Stone             |     1 |       ||     1
 Cast: Sandblast         |    23 |     2 ||    25
       Passwall          |     1 |     5 ||     6
  Use: Potion            |       |     1 ||     1
 Stab: Sleeping          |     4 |     1 ||     5
Armor: Skin              |     5 |       ||     5
Dodge: Dodged            |    31 |     5 ||    36
